Map: Orbital Shipyard

Players

Namshar - Winner!

  • Race: Zerg Zerg
  • League: Grandmaster

Monty

  • Race: Protoss Protoss
  • League: Diamond

Event: Lycan League Weekly July #1

VOD

Have the link to the VOD?

Description

Time

  • Played on: July 20, 2015, 2:02 p.m.
  • Length: 15:33
Show
View Real Time Build Order
Export as new Build Order

Namshar Zerg - Winner!

Build Orders: Hatch First 

Get SALT Encoding   

  12  0:00  Drone  
  13  0:08  Drone  
  14  0:20  Extractor  
  14  0:21  Drone, Extractor  
  14  0:22  Drone  
  16  0:41  Hatchery  
  15  0:54  Spawning Pool  
  14  1:00  Overlord  
  14  1:09  Extractor  
  14  1:10  Drone  
  14  1:11  Extractor  
  14  1:12  Drone  
  15  1:22  Drone x2  
  17  1:33  Drone  
  18  1:42  Queen  
  18  1:44  Drone  
  21  1:54  Queen  
  21  1:57  Zergling x2  
  21  2:00  Drone  
  25  2:04  Overlord  
  25  2:08  Drone  
  26  2:12  Metabolic Boost  
  26  2:16  Drone  
  26  2:21  Drone  
  28  2:27  Drone x2  
  30  2:36  Overlord  
  30  2:40  Drone  
  31  2:45  Hatchery  
  31  2:48  Drone  
  31  2:52  Drone x2  
  31  2:54  Drone  
  31  2:55  Drone  
  31  2:57  Drone  
  36  2:59  Drone  
  36  3:03  Drone  
  36  3:04  Drone  
  39  3:08  Overlord  
  39  3:10  Drone  
  39  3:11  Drone  
  41  3:15  Drone  
  41  3:17  Drone  
  43  3:24  Extractor  
  43  3:26  Overlord  
  42  3:27  Drone x3  
  42  3:33  Overlord  
  46  3:34  Drone  
  46  3:36  Roach Warren  
  45  3:45  Queen  
  47  3:52  Drone  
  47  3:53  Drone x5  
  52  4:03  Lair  
  52  4:04  Drone x2  
  52  4:05  Drone x2  
  52  4:06  Drone  
  52  4:07  Drone  
  58  4:15  Zergling x2  
  58  4:16  Zergling x12  
  65  4:22  Overlord  
  65  4:27  Extractor  
  65  4:29  Extractor  
  63  4:32  Evolution Chamber, Extractor  
  63  4:33  Evolution Chamber  
  63  4:35  Drone x5  
  63  4:36  Drone  
  63  4:37  Drone  
  67  4:38  Extractor  
  67  4:40  Drone x3  
  70  4:46  Spore Crawler x2  
  70  4:48  Spore Crawler  
  62  5:04  Drone x3  
  62  5:05  Drone x2  
  62  5:07  Drone x2  
  66  5:08  Drone x3  
  69  5:15  Overlord x2  
  69  5:16  Zerg Ground Armor Level 1, Zerg Melee Weapons Level 1  
  69  5:19  Drone x3  
  69  5:20  Drone x2  
  74  5:26  Overlord x2  
  74  5:33  Infestation Pit  
  73  5:37  Hydralisk Den  
  71  5:48  Drone x3  
  74  5:51  Drone x2  
  74  5:52  Drone x3, Extractor  
  74  5:54  Overlord  
  74  5:55  Overlord x2  
  78  6:03  Hatchery  
  77  6:09  Muscular Augments  
  77  6:12  Drone x2, Overlord  
  77  6:13  Overlord  
  79  6:21  Infestor  
  79  6:25  Infestor x2  
  81  6:27  Infestor  
  81  6:29  Overlord x2  
  87  6:34  Overseer  
  87  6:38  Hydralisk x2  
  87  6:39  Zergling x6  
  100  6:40  Zergling x18  
  103  6:58  Drone x2  
  103  7:02  Hydralisk x8  
  118  7:08  Drone  
  118  7:12  Hatchery  
  118  7:15  Hydralisk x4  
  118  7:21  Hydralisk x2  
  130  7:27  Hydralisk  
  130  7:28  Hydralisk, Zergling x6  
  137  7:31  Overlord  
  137  7:36  Hydralisk x2  
  138  7:37  Zergling x6  
  138  7:39  Overlord  
  138  7:43  Drone x7  
  138  7:44  Drone  
  152  7:48  Spore Crawler  
  152  7:50  Drone  
  150  8:11  Hydralisk  
  150  8:12  Hydralisk x10  
  161  8:21  Hydralisk  
  161  8:22  Hydralisk x3  
  161  8:23  Zergling x2  
  158  8:27  Hydralisk  
  158  8:28  Zergling x4, Extractor  
  158  8:30  Extractor  
  158  8:33  Hydralisk x2  
  154  8:34  Zergling x4  
  158  8:47  Overlord x2  
  158  8:48  Hatchery, Zerg Melee Weapons Level 2  
  158  8:52  Zergling x2  
  158  8:53  Zergling x10  
  163  8:57  Hydralisk x2  
  167  9:06  Hydralisk x3, Zergling x2  
  167  9:07  Zergling x4  
  167  9:09  Hydralisk x2, Zergling x2  
  170  9:10  Zergling x2  
  170  9:12  Hydralisk  
  170  9:13  Zergling x4  
  155  9:17  Hydralisk, Zergling x2  
  155  9:18  Zergling x4  
  148  9:25  Hydralisk x2  
  148  9:26  Hydralisk, Zergling x2  
  146  9:38  Hydralisk  
  146  9:39  Hydralisk x2, Zergling x4  
  146  9:45  Hydralisk x2  
  151  9:47  Hydralisk  
  135  10:01  Zerg Missile Weapons Level 1  
  135  10:02  Drone  
  135  10:03  Drone  
  135  10:04  Drone x14, Spine Crawler  
  150  10:09  Drone  
  151  10:15  Drone  
  151  10:17  Spire  
  151  10:19  Pathogen Glands  
  151  10:24  Extractor  
  150  10:32  Hydralisk, Extractor  
  150  10:33  Hydralisk x5, Zergling x2  
  150  10:34  Zergling x24  
  150  10:35  Zergling x2  
  167  10:42  Infestor x2  
  168  10:49  Infestor  
  174  10:51  Zergling x6  
  174  10:56  Hydralisk x3  
  178  10:57  Zergling x6  
  178  11:03  Hydralisk x2  
  175  11:13  Hydralisk x3, Zergling x2  
  175  11:14  Zergling x2  
  178  11:19  Hydralisk x4  
  178  11:20  Zergling x6  
  184  11:31  Corruptor x3  
  186  11:39  Hatchery  
  182  11:41  Infestor  
  182  11:44  Zergling x4  
  183  12:08  Overlord x5  
  183  12:09  Overlord  
  164  12:35  Hydralisk  
  164  12:36  Hydralisk x8  
  155  12:42  Corruptor x2  
  142  13:01  Hatchery, Corruptor x2  
  116  13:30  Hydralisk  
  116  13:31  Hydralisk x2  
  107  13:52  Corruptor x2  
  111  14:16  Corruptor  
  109  14:36  Corruptor  
  111  14:40  Extractor  
  111  14:42  Extractor  
  109  14:50  Corruptor  
  100  15:01  Zergling x4  
  100  15:02  Zergling x12  
  112  15:15  Hatchery  
Show
View Real Time Build Order
Export as new Build Order

Monty Protoss 

Build Orders: Nexus First, Oracle Opening 

Get SALT Encoding   

  12  0:01  Probe  
  13  0:15  Pylon  
  13  0:19  Probe  
  14  0:34  Probe (Chrono Boost)  
  16  0:43  Probe (Chrono Boost)  
  16  0:51  Probe  
  17  1:03  Probe (Chrono Boost)  
  18  1:05  Nexus  
  18  1:13  Probe (Chrono Boost)  
  18  1:16  Gateway  
  19  1:20  Probe  
  19  1:25  Pylon  
  20  1:32  Probe (Chrono Boost)  
  21  1:42  Assimilator  
  21  1:43  Assimilator  
  21  1:44  Probe (Chrono Boost)  
  22  1:52  Probe (Chrono Boost)  
  23  2:03  Probe (Chrono Boost)  
  23  2:06  Cybernetics Core  
  23  2:08  Zealot  
  26  2:15  Probe (Chrono Boost)  
  27  2:22  Probe (Chrono Boost)  
  29  2:23  Probe (Chrono Boost)  
  29  2:29  Probe  
  30  2:32  Probe  
  31  2:39  Pylon  
  31  2:43  Probe (Chrono Boost)  
  32  2:44  Probe (Chrono Boost)  
  32  2:46  Stargate  
  32  2:48  Warp Gate  
  33  2:55  Probe x2 (Chrono Boost)  
  35  2:59  Pylon  
  35  3:02  Probe (Chrono Boost)  
  35  3:04  Probe (Chrono Boost)  
  37  3:06  Stalker  
  40  3:14  Probe (Chrono Boost)  
  40  3:16  Mothership Core (Chrono Boost), Pylon  
  42  3:26  Probe (Chrono Boost)  
  42  3:27  Assimilator  
  43  3:28  Assimilator  
  43  3:30  Probe (Chrono Boost)  
  44  3:35  Probe  
  45  3:42  Probe, Oracle (Chrono Boost)  
  45  3:47  Probe  
  50  3:52  Forge  
  50  3:54  Probe  
  51  3:59  Probe  
  52  4:06  Probe  
  52  4:09  Sentry  
  55  4:11  Probe  
  56  4:18  Probe  
  56  4:21  Nexus  
  56  4:22  Protoss Ground Weapons Level 1 (Chrono Boost)  
  56  4:23  Probe, Pylon  
  58  4:30  Probe  
  59  4:42  Photon Cannon  
  59  4:43  Gateway  
  59  4:46  Gateway  
  59  4:48  Gateway  
  59  4:51  Photon Cannon  
  59  4:53  Probe x2  
  61  5:05  Probe  
  62  5:08  Stargate  
  62  5:09  Fleet Beacon, Probe  
  63  5:14  Sentry  
  63  5:17  Probe (Chrono Boost)  
  66  5:22  Probe (Chrono Boost), Stargate  
  67  5:28  Protoss Air Weapons Level 1 (Chrono Boost)  
  67  5:30  Probe (Chrono Boost)  
  67  5:33  Probe (Chrono Boost)  
  67  5:34  Assimilator  
  70  5:37  Probe x2 (Chrono Boost), Pylon  
  70  5:38  Assimilator  
  70  5:39  Probe (Chrono Boost)  
  72  5:45  Carrier (Chrono Boost)  
  72  5:46  Probe  
  72  5:47  Probe  
  74  5:50  Probe  
  74  5:54  Phoenix (Chrono Boost)  
  74  5:55  Graviton Catapult (Chrono Boost)  
  77  5:58  Probe  
  77  5:59  Probe  
  77  6:03  Probe  
  82  6:10  Probe, Zealot  
  82  6:11  Probe  
  90  6:14  Pylon  
  90  6:15  Pylon  
  90  6:17  Pylon, Carrier (Chrono Boost)  
  90  6:20  Pylon x2, Carrier (Chrono Boost)  
  90  6:38  Zealot x2  
  106  6:44  Carrier (Chrono Boost)  
  106  6:45  Pylon  
  106  6:49  Robotics Facility  
  112  7:02  Zealot x4  
  120  7:09  Pylon  
  120  7:27  Zealot x3, Carrier x2 (Chrono Boost)  
  132  7:40  Observer  
  132  7:42  Probe  
  140  7:45  Adept  
  140  7:47  Pylon  
  142  7:51  Adept  
  142  7:52  Adept x2  
  142  7:54  Carrier (Chrono Boost)  
  148  8:02  Twilight Council  
  148  8:04  Gateway  
  148  8:05  Zealot  
  150  8:06  Gateway  
  150  8:08  Pylon  
  156  8:21  Zealot x3  
  156  8:22  Carrier (Chrono Boost)  
  148  8:31  Carrier (Chrono Boost)  
  138  8:40  Zealot  
  142  8:46  Zealot x3  
  149  9:07  Zealot x3  
  131  9:24  Zealot  
  131  9:25  Zealot  
  125  9:43  Sentry x3  
  129  9:49  Sentry x2  
  133  10:36  Sentry x5  
  143  10:44  Templar Archives  
  143  10:55  Probe  
  144  10:57  Pylon  
  144  11:02  Zealot x5  
  154  11:09  Pylon  
  113  11:28  Zealot, High Templar x2  
  117  11:34  Archon  
  99  12:07  Nexus  
  99  12:08  Pylon  
  56  12:55  Pylon  
  56  13:03  Nexus  

Tags
 
Add a new tag
Caveats
  • Supply blocks, unpowered buildings, or Contaminate may cause inaccurate times.
  • Supply counts are checked every 10 seconds.